 Dungeon Crawl Stone Soup version 0.28-a0-1429-gf3d713df7a (webtiles) character file.

Game seed: 5634709298860324179

383 vurker the Grave Robber (level 6, -1/36 HPs)
             Began as a Tengu Necromancer on Jan 8, 2022.
             Shot with an arrow by a centaur (4 damage)
             ... on level 5 of the Dungeon.
             The game lasted 00:05:58 (5566 turns).

vurker the Grave Robber (Tengu Necromancer)         Turns: 5566, Time: 00:05:58

Health: -1/36      AC:  6    Str:  8    XL:     6   Next: 76%
Magic:  21/22      EV: 14    Int: 18    God:
Gold:   165        SH:  0    Dex: 14    Spells: 9/13 levels left

rFire   . . .      SeeInvis .   h - +2 dagger (venom)
rCold   . . .      Faith    .   (no shield)
rNeg    . . .      Spirit   .   a - +0 robe
rPois   .          Reflect  .   (helmet restricted)
rElec   .          Harm     .   (no cloak)
rCorr   .          Rampage  .   (no gloves)
Will    .....                   (boots unavailable)
Stlth   ++........              (no amulet)
HPRegen 0.12/turn               i - ring of magical power
MPRegen 0.18/turn               m - +4 ring of protection

@: flying quickly and evasively, quick
A: beak, talons 3, nimble flight
a: no special abilities


You were on level 5 of the Dungeon.
You visited 1 branch of the dungeon, and saw 5 of its levels.

You collected 165 gold pieces.

Inventory:

Hand Weapons
 g - a +1 short sword of draining
   (You took it off a kobold on level 1 of the Dungeon)
 h - a +2 dagger of venom (weapon)
   (You found it on level 2 of the Dungeon)
Armour
 a - a +0 robe (worn)
Jewellery
 i - a ring of magical power (left hand)
   (You found it on level 2 of the Dungeon)
 k - a ring of willpower
   (You took it off a goblin on level 3 of the Dungeon)
 m - a +4 ring of protection (right hand)
   (You found it on level 4 of the Dungeon)
Scrolls
 b - 3 scrolls of immolation
 c - a scroll of blinking {unknown}
 d - a scroll of enchant armour {unknown}
 e - a scroll of fog {unknown}
 f - 6 scrolls of identify
 n - a scroll of magic mapping {unknown}
 p - a scroll of summoning {unknown}
Potions
 j - a potion of berserk rage
 l - a potion of cancellation {unknown}
 o - a potion of mutation {unknown}


   Skills:
 + Level 2.6 Fighting
 - Level 2.1 Dodging
 - Level 2.0 Stealth
 * Level 4.3 Spellcasting
 * Level 6.4 Necromancy


You had 9 spell levels left.
You knew the following spells:

 Your Spells              Type           Power      Damage    Failure   Level
a - Pain                  Necr           100%       1d9       1%          1
b - Vampiric Draining     Necr           27%        2d7       3%          3

Your spell library contained the following spells:

 Spells                   Type           Power      Damage    Failure   Level
 Animate Skeleton         Necr           54%        N/A       1%          1
 Animate Dead             Necr           13%        N/A       10%         4
 Agony                    Necr           27%        N/A       28%         5


Dungeon Overview and Level Annotations

Branches:
Dungeon (5/15)
 Temple: D:4-7

Altars:
Cheibriados

Shops:
D:4 *

Annotations:
D:3 Grinder


Innate Abilities, Weirdness & Mutations

You have a beak for a mouth.
You have claws for feet.
Your magical nature lets you fly swiftly and evasively.


Message History

Aim: an iguana (heavily wounded, chance to affect: 88%)
The iguana writhes in agony!
You kill the iguana!
You can't see any susceptible monsters within range! (Use Z to cast anyway.)
A centaur comes into view.
Found a manual of Bows.
A centaur is nearby!
Item here: a manual of Bows.
The floor.
You can't see any susceptible monsters within range! (Use Z to cast anyway.)
A black bear and a necrophage come into view.
The black bear growls angrily.
The centaur shouts!
A wyvern zombie comes into view.
The centaur wields a +0 shortbow.
The centaur shoots an arrow.
The arrow closely misses you.
The centaur shoots an arrow.
The arrow hits you!
The centaur shoots an arrow.
The arrow closely misses you.
The centaur shoots an arrow.
The arrow hits you!
There is an open door here.
You reach down and close the door.
A necrophage breaks down the door.
The centaur shoots an arrow.
The arrow closely misses you.
The centaur shoots an arrow.
The arrow misses you.
The centaur shoots an arrow.
The arrow closely misses you.
There is an open door here.
You reach down and close the door.
You start resting.
A centaur opens the door.
It is wielding a +0 shortbow.
Aim: a centaur, wielding a +0 shortbow and quivering arrows (chance to affect: 83%)
The centaur writhes in agony!
The centaur shoots an arrow.
The arrow completely misses you.
The black bear growls angrily.
Aim: a centaur, wielding a +0 shortbow and quivering arrows (moderately wounded, chance to affect: 83%)
The centaur writhes in agony.
The centaur shoots an arrow.
The arrow hits you!
* * * LOW HITPOINT WARNING * * *
You can't see any susceptible monsters within range! (Use Z to cast anyway.)
You can't see any susceptible monsters within range! (Use Z to cast anyway.)
As you read the scroll labelled YDAWOOCR XEOSM, it crumbles to dust.
It is a scroll of identify.
j - a potion of berserk rage The necrophage hits you.
* * * LOW HITPOINT WARNING * * *
Okay, then.
As you read the scroll labelled VEYLETSE VAFAQ, it crumbles to dust.
It is a scroll of brand weapon.
Your +1 vampiric short sword craves living souls!
g - a +1 short sword of draining The necrophage misses you.
The centaur shoots an arrow.
The arrow hits you.
You die...

#######+###...
#......... #.........
#...h##...
###############'###...
#.........#.###c.##n..
#.........#...#n..#...
#......c..#...#..c#...
#....@.n..##'##...###h
########h###.##...# #Z
#...........nc...# #.
#................# #.
##'####'######..#####
#..#.........#####...
#..#.........# #...
#..#.........# #...
#'##.........# #...


You could see a black bear, a necrophage and a centaur.

Vanquished Creatures
  3 hounds
  A gnoll shaman (D:3)
  2 iguanas (D:5)
  An orc wizard (D:4)
  5 gnolls (D:4)
  5 adders
  A shadow imp (D:4)
  An ufetubus (D:4)
  An adder skeleton (D:4)
  3 dart slugs (D:2)
  4 orcs
  5 ball pythons
  7 bats
  6 endoplasms
  A giant cockroach (D:2)
  4 hobgoblins
  7 jackals
  5 frilled lizards
  6 goblins
  5 kobolds
  4 rats
77 creatures vanquished.

Notes
Turn   | Place    | Note
-------+----------+-------------------------------------------
     0 | D:1      | vurker the Tengu Necromancer began the quest for the Orb.
     0 | D:1      | Reached XP level 1. HP: 10/10 MP: 4/4
   632 | D:1      | Reached XP level 2. HP: 7/16 MP: 0/6
  2076 | D:2      | Reached XP level 3. HP: 16/20 MP: 3/7
  2152 | D:2      | Reached skill level 1 in Fighting
  2543 | D:2      | Reached skill level 5 in Necromancy
  2837 | D:2      | Found a faded altar of an unknown god.
  3063 | D:2      | Learned a level 3 spell: Vampiric Draining
  3090 | D:3      | Reached XP level 4. HP: 25/25 MP: 9/9
  3170 | D:3      | Noticed Grinder
  4076 | D:4      | Found Pentet's Overcharged Wands.
  4210 | D:4      | Gained mutation: Your magical nature lets you fly swiftly
                  | and evasively. [Tengu growth]
  4210 | D:4      | Reached XP level 5. HP: 26/30 MP: 11/11
  4655 | D:4      | Reached XP level 6. HP: 34/35 MP: 12/12
  4675 | D:4      | Reached skill level 6 in Necromancy
  4740 | D:4      | Found a snail-covered altar of Cheibriados.
  5268 | D:5      | Entered Level 5 of the Dungeon
  5522 | D:5      | Noticed a black bear
  5522 | D:5      | Noticed a necrophage
  5566 | D:5      | Shot with an arrow by a centaur

Illustrated notes

Levels and vault maps discovered:
D:1:      kennysheep_arrival_forest, layout_basic, kennysheep_minor_cross
D:2:      layout_rooms, hellmonk_ecumenical_altar_blasted
D:3:      layout_loops_ring, minmay_statues_item, uniq_grinder
D:4:      layout_rooms, cheibriados_altar_1, nicolae_shop_overcharged_wands
D:5:      minmay_angry_zag, layout_gridville, minmay_manual_monstrance

Skill      XL: |  1  2  3  4  5  6 |
---------------+-------------------+-----
Fighting       | 1 2 |  2.6
Necromancy     | 5 6 |  6.4
Spellcasting   | 3 4 |  4.3
Dodging        | |  2.1
Stealth        | |  2.0

Action                   |  1- 3 |  4- 6 || total
-------------------------+-------+-------++-------
Melee: Unarmed           |     4 |       ||     4
       Peck              |     1 |     1 ||     2
       Short sword       |     1 |       ||     1
       Dagger            |     1 |    20 ||    21
       Kick              |     1 |     5 ||     6
 Cast: Pain              |    69 |    87 ||   156
       Vampiric Draining |     2 |     9 ||    11
  Use: Scroll            |       |     2 ||     2
 Stab: Sleeping          |       |     2 ||     2
Armor: Robe              |    12 |    10 ||    22
Dodge: Dodged            |    30 |    52 ||    82

Table legend: (Time is in decaauts)
 A = Elapsed time spent in this place.
 B = Non-inter-level travel time spent in this place.
 C = Inter-level travel time spent in this place.
 D = Time resting spent in this place.
 E = Time spent auto-exploring this place.
 F = Levels seen in this place.
 G = Mean time per level.
                   A        B        C        D        E       F      G
               +--------+--------+--------+--------+--------+-----+--------+
         Total |   5508 |   5400 |    108 |    229 |   4562 |   5 | 1101.6 |
       Dungeon |   5508 |   5400 |    108 |    229 |   4562 |   5 | 1101.6 |
               +--------+--------+--------+--------+--------+-----+--------+

Top non-repeatable levels by time:
     D:1: 2075 daAuts
     D:3: 1096 daAuts
     D:4: 1070 daAuts
     D:2: 990 daAuts
     D:5: 275 daAuts
